 Dungeon Crawl Stone Soup version 0.30-a0-986-g7f2e898f52 (webtiles) character file.

Game seed: 11741222861625667176

2862 ytrimaz the Cleaver (level 10, 0/70 HPs)
             Began as a Formicid Fighter on Apr 2, 2023.
             Was a Follower of Ru.
             Slain by a kobold brigand
             ... wielding a +0 mace
              (7 damage)
             ... on level 6 of the Dungeon.
             The game lasted 00:07:49 (5839 turns).

ytrimaz the Cleaver (Formicid Fighter)              Turns: 5839, Time: 00:07:50

Health: 0/70       AC:  9    Str: 24    XL:     10   Next: 4%
Magic:  10/10      EV:  9    Int:  9    God:    Ru [*.....]
Gold:   287        SH:  5    Dex: 13    Spells: 9/9 levels left

rFire   . . .      SeeInvis +    a - +1 war axe
rCold   . . .      Faith    .    c - +0 buckler
rNeg    . . .      Spirit   .    b - +0 scale mail
rPois   .          Reflect  .    (helmet unavailable)
rElec   .          Rampage  .    (no cloak)
rCorr   +                        (no gloves)
Will    +....                    j - +1 pair of boots Stlth
                                 (no amulet)
HPRegen 0.31/turn                i - ring of resist corrosion
MPRegen 0.12/turn                (no ring)

@: lethally poisoned (0 -> -3), attractive
A: permanent stasis, dig shafts and tunnels, antennae 3, inability to train
dodging, four strong arms
a: Dig, Shaft Self, Renounce Religion


You were on level 6 of the Dungeon.
You worshipped Ru.
Ru was aware of your devotion.
You visited 1 branch of the dungeon, and saw 7 of its levels.

You collected 287 gold pieces.


Innate Abilities, Weirdness & Mutations

You cannot be hasted, slowed, berserked, paralysed or teleported.
You can dig through walls and to a lower floor.
You have a pair of large antennae on your head. (SInv)
You cannot train Dodging skill.
Your four strong arms can wield two-handed weapons with a shield.


   Skills:
 - Level 3.2 Fighting
 + Level 13.2 Axes
 - Level 3.2 Armour
 - Level 4.0 Shields


You had 9 spell levels left.
You didn't know any spells.
Your spell library contained the following spells:

 Spells                   Type           Power      Damage    Failure   Level
 Freeze                   Ice            0%         1d3       77%         1
 Necrotise                Necr           0%         1d4       77%         1
 Shock                    Conj/Air       0%         1d3       77%         1
 Frozen Ramparts          Ice            0%         1d1       98%         3
 Hailstorm                Conj/Ice       0%         3d3       98%         3
 Ignite Poison            Fire/Tmut/Pois 0%         N/A       98%         3
 Kindle Blastsparks       Fire/Tloc/Air  0%         2d10      98%         3
 Airstrike                Air            0%         2d(0-16)  100%        4
 Freezing Cloud           Conj/Ice/Air   0%         6-21      100%        5
 Borgnjor's Revivificati  Necr           0%         N/A       100%        8
 Necromutation            Tmut/Necr      0%         N/A       100%        8
 Death's Door             Necr           0%         N/A       100%        9
 Swiftness                Air            Unusable   N/A       N/A         3

Inventory:

Hand Weapons
 a - a +1 war axe (weapon)
 n - a +2 broad axe of draining
   (You took it off Maggie on level 7 of the Dungeon)
Armour
 b - a +0 scale mail (worn)
 c - a +0 buckler (worn)
 j - a +1 pair of boots (worn)
   (You found it on level 1 of the Dungeon)
Jewellery
 i - a ring of resist corrosion (left hand)
   (You found it on level 1 of the Dungeon)
Wands
 d - a wand of paralysis (5)
   (You took it off an orc on level 5 of the Dungeon)
 h - a wand of acid (2) (quivered)
   (You found it on level 3 of the Dungeon)
 o - a wand of roots (17)
   (You found it on level 6 of the Dungeon)
 q - a wand of polymorph (8)
   (You found it on level 6 of the Dungeon)
Scrolls
 f - a scroll of enchant armour
 k - a scroll of magic mapping
 l - a scroll of amnesia
 r - a scroll of fear
 s - a scroll of fog
Potions
 e - a potion of mutation
 g - 2 potions of brilliance
 p - a potion of lignification {unknown}
 t - a potion of might

Dungeon Overview and Level Annotations

Branches:
Dungeon (7/15) Zot: 26473  Temple (0/1) D:5

Altars:
Ashenzari
Cheibriados
Gozag
Hepliaklqana
Kikubaaqudgha
Qazlal
Ru
Sif Muna
Vehumet
The Shining One

Shops:
D:3 [   D:6 = D:7

*!* .###.# #.#.......#.# #.# #
#.##.###.#.(###..#.# #.# #
#.##........# #..#.# #.#
#.######....###.##.########.#####
.#######..#.[...)))..............
#..............(.)...######.####.
#.#######.##.#..####.######.# #.
#.# #.##.#.K####........# #.
#.#######.##.#.?@[########### #.
....)...#.##.##[#)# #.
...[>[....##.##.#.# #.
'###'###+###.##.#.# #.
#.......#..#[##.#.# #######.
#.......#..#.##.#.########.......
'###+###'.['.##..........#.#####.
#.'...'.#..#.####.######.#.# #.
#.#...#.#..######.# #.#<# #.


You could see a kobold brigand.


Message History

😕 HP[-3]
You take 3 damage, and now have 62/70 hp.
You feel very sick.
The kobold brigand throws a poisoned dart.
The poisoned dart hits you!
You are more poisoned. 😕 HP[-2]
You take 2 damage, and now have 60/70 hp.
You feel very sick.
The steam dragon hisses angrily.
The kobold brigand hits you with a +0 dagger.
The steam dragon breathes steam at you. The ball of steam hits you!
You hear a shout! 😮 HP[-13]
You take 13 damage, and now have 47/70 hp.
You are too injured to fight recklessly!
Unknown command.
You are too injured to fight recklessly!
Unknown command.
You feel very sick.
The kobold brigand throws a poisoned dart.
The poisoned dart hits you!
You are more poisoned. 😮 HP[-3]
You take 3 damage, and now have 44/70 hp.
Unknown command.
You feel very sick.
You redirect the kobold brigand's attack!
The kobold brigand throws a poisoned dart.
You see here 12 gold pieces. 😮 HP[-2]
You take 2 damage, and now have 42/70 hp.
You feel very sick.
The kobold brigand throws a poisoned dart.
The poisoned dart hits you!
You are more poisoned. 😮 HP[-3]
You take 3 damage, and now have 39/70 hp.
You feel very sick.
A kobold comes into view. It is wielding a +0 whip. 😨 HP[-4]
You take 4 damage, and now have 35/70 hp.
You feel very sick.
The kobold shouts!
You hear a shout!
A kobold brigand comes into view.
It is wielding a +0 short sword and quivering poisoned darts.
The kobold throws a stone.
The stone closely misses you. 😨 HP[-3]
You take 3 damage, and now have 32/70 hp.
You feel sick.
The kobold brigand shouts!
An orc comes into view. It is wielding a +0 dagger.
The kobold brigand hits you with a +0 mace.
* * * LOW HITPOINT WARNING * * *
There is a stone staircase leading up, spattered with blood here. 😨 HP[-4]
You take 4 damage, and now have 28/70 hp.
Unknown command.
You feel sick.
The orc shouts!
The kobold throws a stone.
The stone hits you but does no damage.
The kobold throws a stone.
The stone hits you but does no damage. The kobold brigand barely misses you.
The kobold brigand throws a poisoned dart.
The poisoned dart hits you!
You are more poisoned.
You climb upwards.
You feel very sick.
There is a stone staircase leading down here. 😨 HP[-6]
You take 6 damage, and now have 22/70 hp.
Unknown command.
Unknown command.
You barely miss the kobold brigand.
You feel very sick.
You block the kobold brigand's attack. 😨 HP[-3]
You take 3 damage, and now have 19/70 hp.
You closely miss the kobold brigand.
You feel sick.
The kobold brigand hits you with a +0 mace.
* * * LOW HITPOINT WARNING * * *
😱 HP[-6]
You take 6 damage, and now have 13/70 hp.
Unknown command.
You hit the kobold brigand.
You feel sick.
You block the kobold brigand's attack. 😱 HP[-1]
You take 1 damage, and now have 12/70 hp.
Unknown command.
You barely miss the kobold brigand.
You feel sick.
The kobold brigand hits you with a +0 mace.
* * * LOW HITPOINT WARNING * * *
😱 HP[-4]
You take 4 damage, and now have 8/70 hp.
Unknown command.
It was a potion of attraction.
You feel attractive to monsters.
You feel sick.
The kobold brigand hits you with a +0 mace!
You die...

Skill      XL: |  1  2  3  4  5  6  7  8  9 |
---------------+----------------------------+-----
Axes           | 3 4 6 8 10 13 | 13.2
Fighting       | |  3.2
Armour         | |  3.2
Shields        | |  4.0

Action                     |  1- 3 |  4- 6 |  7- 9 | 10-12 || total
---------------------------+-------+-------+-------+-------++-------
  Melee: War axe           |    93 |   138 |   217 |     9 ||   457
 Invoke: Sacrifice Nimblen |       |     1 |       |       ||     1
  Evoke: Wand              |       |     3 |     4 |       ||     7
    Use: Scroll            |     2 |     6 |     4 |       ||    12
         Potion            |       |     7 |     3 |     1 ||    11
   Stab: Invisible         |       |     2 |       |       ||     2
 Armour: Scale mail        |    73 |    68 |   113 |     4 ||   258
  Dodge: Dodged            |    49 |    73 |    99 |     7 ||   228
  Block: Buckler           |    30 |    31 |    62 |     4 ||   127

Levels and vault maps discovered:
D:1:      arrival_zaba_pyramid, layout_loops_corners
D:2:      layout_basic
D:3:      layout_basic, mainiacjoe_overflow_boulevard,
          nicolae_tso_carved_into_rock, evilmike_ruin_ashenzari,
          nicolae_ru_sacrificial_ziggurat, nicolae_ecumenical_snake_handling,
          serial_shops, nicolae_shop_hallway_plus
D:4:      layout_rooms, grunt_temple_overflow_magic_moments, interstate_on_off
D:5:      layout_cave_pools, nicolae_qazlal_general_emergency,
          grunt_gozag_statues, lemuel_temple_firewalk_a, uniq_edmund
D:6:      layout_loops_ring, mainiacjoe_overflow_24_doors,
          minmay_shop_enchanted_jewellery, kennysheep_potato,
          uniq_prince_ribbit1
D:7:      layout_rooms, serial_shops, nicolae_stop_n_shop_2,
          nicolae_shop_hallway_stairs, shop, nicolae_shop_window_shopping, shop,
          uniq_maggie

Notes
Turn   | Place    | Note
-------+----------+-------------------------------------------
     0 | D:1      | ytrimaz the Formicid Fighter began the quest for the Orb.
     0 | D:1      | Reached XP level 1. HP: 18/18 MP: 1/1
     0 | D:1      | magus.rc [v1.9.6]
   181 | D:1      | Reached XP level 2. HP: 24/24 MP: 2/2
   275 | D:1      | Reached skill level 3 in Axes
   316 | D:1      | Reached XP level 3. HP: 29/29 MP: 3/3
   529 | D:1      | You add the spells Kindle Blastsparks, Ignite Poison and
                  | Freezing Cloud to your library.
  1172 | D:2      | Reached skill level 4 in Axes
  1172 | D:2      | Reached XP level 4. HP: 35/35 MP: 4/4
  1603 | D:2      | You add the spells Borgnjor's Revivification, Necromutation
                  | and Death's Door to your library.
  1761 | D:3      | Found a sacrificial altar of Ru.
  1777 | D:3      | Became a worshipper of Ru the Awakened
  1901 | D:3      | Found a broken altar of Ashenzari.
  1924 | D:3      | Found a snail-covered altar of Cheibriados.
  1932 | D:3      | Reached XP level 5. HP: 22/41 MP: 5/5
  1932 | D:3      | HP: 9/41 [gnoll/+0 spear (7)]
  1937 | D:3      | HP: 8/41 [gnoll/+0 club (3)]
  1939 | D:3      | Reached skill level 5 in Axes
  1941 | D:3      | HP: 2/41 [adder (3)]
  2289 | D:3      | Found a glowing golden altar of the Shining One.
  2321 | D:3      | Found a faded altar of an unknown god.
  2396 | D:3      | Found Qoixai's Antique Armour Shop.
  2699 | D:4      | Reached skill level 6 in Axes
  2699 | D:4      | Reached XP level 6. HP: 28/47 MP: 6/6
  2855 | D:4      | Found an ancient bone altar of Kikubaaqudgha.
  2865 | D:4      | Found a shimmering blue altar of Sif Muna.
  2867 | D:4      | Found a radiant altar of Vehumet.
  2871 | D:4      | Got Kikubaaqudgha's Tome of Mortification
  2896 | D:4      | Noticed an ogre
  2901 | D:4      | Killed an ogre
  2959 | D:4      | Gained mutation: You cannot train Dodging skill. [Ru
                  | sacrifice]
  2959 | D:4      | Reached * piety under Ru
  2978 | D:4      | Reached XP level 7. HP: 52/52 MP: 7/7
  3020 | D:4      | Reached skill level 7 in Axes
  3172 | D:5      | Entered Level 5 of the Dungeon
  3172 | D:5      | Noticed Edmund
  3181 | D:5      | Killed Edmund
  3266 | D:4      | Reached skill level 8 in Axes
  3422 | D:5      | Reached XP level 8. HP: 44/58 MP: 8/8
  3504 | D:5      | Found a stormy altar of Qazlal.
  3583 | D:5      | Found an opulent altar of Gozag.
  3777 | D:5      | Reached skill level 9 in Axes
  4069 | D:5      | Found a staircase to the Ecumenical Temple.
  4161 | D:6      | You pick up a book of Frost and begin reading...
  4161 | D:6      | You add the spells Freeze, Frozen Ramparts and Hailstorm to
                  | your library.
  4290 | D:6      | Reached skill level 10 in Axes
  4486 | D:6      | Reached XP level 9. HP: 27/64 MP: 9/9
  4605 | D:6      | Noticed Prince Ribbit
  4625 | D:6      | Killed Prince Ribbit
  4626 | D:6      | Reached skill level 11 in Axes
  5032 | D:6      | You pick up a book of Air and begin reading...
  5032 | D:6      | You add the spells Shock and Airstrike to your library.
  5037 | D:6      | Found a hazy altar of Hepliaklqana.
  5062 | D:6      | Reached skill level 12 in Axes
  5250 | D:6      | Found Joudd's Jewellery Shoppe.
  5315 | D:7      | Found Juppe's General Store.
  5515 | D:7      | Found Terik's General Store.
  5515 | D:7      | Found Uvice's Distillery.
  5535 | D:6      | HP: 12/56 [wight/+0 hand axe (5)]
  5721 | D:7      | Noticed Maggie
  5751 | D:7      | Killed Maggie
  5752 | D:7      | Reached skill level 13 in Axes
  5752 | D:7      | Reached XP level 10. HP: 54/70 MP: 10/10
  5836 | D:6      | HP: 17/70 [poisoned by a kobold brigand]
  5838 | D:6      | HP: 8/70 [kobold brigand/+0 mace (3)]
  5839 | D:6      | Slain by a kobold brigand

Vanquished Creatures
  Maggie (D:7)
  Prince Ribbit (D:6)
  Edmund (D:5)
  A water moccasin (D:6)
  3 ice beasts (D:6)
  A black bear (D:6)
  3 centaurs
  2 ogres
  2 phantoms
  A kobold brigand (D:6)
  2 bullfrogs
  6 scorpions
  4 wights (D:6)
  A howler monkey (D:6)
  2 jellies
  2 orc priests (D:4)
  2 hounds
  A sleepcap (D:4)
  7 gnolls
  3 adders
  2 shadow imps (D:6)
  A white imp (D:6)
  3 ufetubi
  2 worms
  5 dart slugs
  10 orcs
  8 endoplasms
  3 giant cockroaches
  7 goblins
  5 hobgoblins
  8 jackals
  19 kobolds
  7 quokkas
  14 ball pythons
  10 bats
  3 frilled lizards
  5 rats
158 creatures vanquished.

Vanquished Creatures (others)
  A kobold (D:6)
1 creature vanquished.

Grand Total: 159 creatures vanquished

Table legend:
 A = Non-vault XP
 B = Vault XP
 C = Vault XP percentage of total XP
 D = Non-vault monster count
 E = Vault monster count
 F = Vault count percentage of total count
                 A         B        C        D         E       F
            +---------+---------+-------+---------+---------+-------
      Total |    2932 |    1157 |  28.3 |     146 |      12 |   7.6
            +---------+---------+-------+---------+---------+-------
        D:1 |      56 |       0 |   0.0 |      31 |       0 |   0.0
        D:2 |      63 |       0 |   0.0 |      26 |       0 |   0.0
        D:3 |     135 |       5 |   3.6 |      16 |       5 |  23.8
        D:4 |     519 |       0 |   0.0 |      21 |       0 |   0.0
        D:5 |     477 |     158 |  24.9 |      14 |       1 |   6.7
        D:6 |    1459 |     615 |  29.7 |      33 |       5 |  13.2
        D:7 |     223 |     379 |  63.0 |       5 |       1 |  16.7
            +---------+---------+-------+---------+---------+-------

Illustrated notes

Table legend:
 A = Kills in this place as a percentage of kills in the entire game.
 B = Kills by you in this place as a percentage of kills by you in the entire game.
 C = Kills by friends in this place as a percentage of kills by friends in the entire game.
 D = Other kills in this place as a percentage of other kills in the entire game.
 E = Experience gained in this place as a percentage of experience gained in the entire game.
 F = Experience gained in this place divided by the number of levels of this place that you have seen.
                   A       B       C       D       E      F
               +-------+-------+-------+-------+-------+----------------------
         Total | 100.0 | 100.0 |   N/A |   N/A | 100.0 | 584.1
       Dungeon | 100.0 | 100.0 |   N/A |   N/A | 100.0 | 584.1
               +-------+-------+-------+-------+-------+----------------------

Table legend: (Time is in decaauts)
 A = Elapsed time spent in this place.
 B = Non-inter-level travel time spent in this place.
 C = Inter-level travel time spent in this place.
 D = Time resting spent in this place.
 E = Time spent auto-exploring this place.
 F = Levels seen in this place.
 G = Mean time per level.
                   A        B        C        D        E       F      G
               +--------+--------+--------+--------+--------+-----+--------+
         Total |   5923 |   5758 |    165 |    419 |   4084 |   7 |  846.1 |
       Dungeon |   5923 |   5758 |    165 |    419 |   4084 |   7 |  846.1 |
               +--------+--------+--------+--------+--------+-----+--------+

Top non-repeatable levels by time:
     D:6: 1551 daAuts
     D:1: 1031 daAuts
     D:3: 928 daAuts
     D:2: 762 daAuts
     D:4: 748 daAuts
     D:5: 746 daAuts
     D:7: 153 daAuts
